AoeStats
← lizzya14

Arabia

505541908Analyzed
1v1 RM · 23d ago on Sep 9, 2026· 35m 12s· 2 players
Game mode
Random Map
Map size
Tiny (2 player)
Population
200
Speed
Normal
Resources
Standard
Victory
Conquest
Starting age
Dark Age
Ending age
Imperial Age
RankedLock teamsTeams togetherTeam positionsShared explorationLock speedFull tech treeHidden civsTurbo modeCheats
Victory
Defeat
🇺🇸 Ethiopians · United States
1496
+14
🇺🇸 Huns · United States
1456
-14
lizzya14
7:16 Loom
9:29 Feudal Age
10:07 Double-Bit Axe
11:31 Horse Collar
14:50 Fletching
16:13 Padded Archer Armor
23:14 Castle Age
23:18 Elite Skirmisher
23:55 Bodkin Arrow
24:30 Leather Archer Armor
26:29 Bow Saw
28:24 Ballistics
32:26 Town Watch
33:50 Wheelbarrow
35:44 Hand Cart
a.salyers231
6:45 Loom
9:04 Feudal Age
9:42 Double-Bit Axe
10:56 Horse Collar
13:51 Fletching
20:48 Castle Age
18:56 Gold Mining
19:12 Padded Archer Armor
21:24 Bodkin Arrow
20:52 Crossbowman
22:37 Bow Saw
24:03 Leather Archer Armor
25:40 Heavy Plow
35:07 Imperial Age
33:30 Ballistics
33:56 Thumb Ring
36:12 Wheelbarrow
Connection lost

Rejoining the realm…

Still unreachable

The connection could not be restored.

Session expired

The server has moved on; the page needs a fresh start.